 Dungeon Crawl Stone Soup version 0.21.1-1-g345015f (webtiles) character file.

53 n0claF the Shooter (level 3, -2/30 HPs)
             Began as a Centaur Hunter on June 21, 2018.
             Slain by an adder (4 damage)
             ... on level 2 of the Dungeon.
             The game lasted 00:06:28 (1061 turns).

n0claF the Shooter (Centaur Hunter)                 Turns: 1061, Time: 00:06:29

Health: -2/30      AC:  3    Str: 14    XL:     3   Next: 62%
Magic:  3/3        EV: 15    Int: 10    God:
Gold:   47         SH:  0    Dex: 15    Spells: 2/2 levels left

rFire    . . .     SeeInvis .   b - +0 short sword
rCold    . . .     Gourm    .   (no shield)
rNeg     . . .     Faith    .   c - +0 leather armour
rPois    .         Spirit   .   (no helmet)
rElec    .         Reflect  .   (no cloak)
rCorr    .         Harm     .   o - -2 pair of gloves (curse)
MR       .....                  (no barding)
Stlth    ++........             (no amulet)
HPRegen  0.10/turn              (no ring)
MPRegen  0.08/turn              (no ring)

@: agile, lethally poisoned (-2 -> -6), invisible, very quick
A: large, hooves 3, deformed body, speed 2, tough skin 3
a: no special abilities


You were on level 2 of the Dungeon.
You were not hungry.

You visited 1 branch of the dungeon, and saw 2 of its levels.

You collected 47 gold pieces.

Inventory:

Hand Weapons
 a - a +1 shortbow
 b - a +0 short sword (weapon)
Missiles
 d - 30 arrows
 i - 2 throwing nets (quivered) {!f}
Armour
 c - a +0 leather armour (worn)
 o - a cursed -2 pair of gloves (worn)
   (You found it on level 2 of the Dungeon)
Scrolls
 g - a scroll of identify {unknown}
 j - a scroll of noise {unknown}
 k - a scroll of fear {unknown}
 m - a scroll of amnesia {unknown}
 n - a scroll of teleportation {unknown}
Potions
 h - 2 potions of agility
 l - a potion of curing {unknown}
Comestibles
 e - 4 rations {!d}
 f - 3 chunks of flesh


   Skills:
 + Level 2.5 Fighting
 * Level 6.0 Bows
 + Level 1.8 Dodging
 - Level 0.4 Stealth
 + Level 1.2 Unarmed Combat


You had 2 spell levels left.
You didn't know any spells.

Dungeon Overview and Level Annotations

Branches:
Dungeon (2/15)

Altars:


Innate Abilities, Weirdness & Mutations

You have hooves in place of feet.
Armour fits poorly on your strangely shaped body.
You cover ground very quickly.
You have extremely tough skin. (AC +3)


Message History

You shoot an arrow. The arrow barely misses the adder.
You feel sick. The adder bites you but does no damage.
Aim: an adder (heavily wounded)
You shoot an arrow. The arrow misses the adder.
The adder closely misses you.
Aim: an adder (heavily wounded)
You shoot an arrow. The arrow misses the adder.
You feel sick. The adder bites you. The adder bites you but does no damage.
Aim: an adder (heavily wounded)
You shoot an arrow. The arrow closely misses the adder.
The adder bites you.
You are more poisoned.
The adder poisons you!
Aim: an adder (heavily wounded)
You shoot an arrow. The arrow barely misses the adder.
You feel sick. The adder bites you.
* * * LOW HITPOINT WARNING * * *
b - a +0 short sword (weapon)
You feel sick. The adder misses you.
You are too injured to fight recklessly!
You are too injured to fight recklessly!
You are too injured to fight recklessly!
You are too injured to fight recklessly!
You are too injured to fight recklessly!
You miss the adder. Your kick misses the adder. The adder closely misses you.
You closely miss the adder.
You feel sick. The adder bites you.
* * * LOW HITPOINT WARNING * * *
The adder bites you.
* * * LOW HITPOINT WARNING * * *
You hit the adder. Your kick misses the adder.
* * * LOW HITPOINT WARNING * * *
You feel sick. The adder bites you but does no damage.
You hit the adder but do no damage. The adder bites you but does no damage.
The adder bites you.
* * * LOW HITPOINT WARNING * * *
You hit the adder but do no damage.
* * * LOW HITPOINT WARNING * * *
You feel sick. The adder barely misses you.
You closely miss the adder. You kick the adder, but do no damage.
* * * LOW HITPOINT WARNING * * *
You feel sick. The adder bites you.
* * * LOW HITPOINT WARNING * * *
You miss the adder. Your kick misses the adder. The adder barely misses you.
The adder bites you but does no damage.
It was a potion of agility.
You feel agile all of a sudden.
* * * LOW HITPOINT WARNING * * *
You feel sick. The adder misses you.
It was a potion of invisibility.
You fade into invisibility!
The adder bites you.
You die...

##### #. ## #...# #. #..
#...# #. #...#### #...#
#. +(.†S@.# #...# #.
#...##.# #...#######.
......##.####...#...[.#.
%.##>.......)...........
. #.###..........###.#.
##############...
........[ #######.# #.#


You could see an adder.

Vanquished Creatures
  2 adders
  2 dart slugs
  A leopard gecko (D:1)
  4 orcs (D:2)
  A giant cockroach (D:2)
  3 jackals (D:1)
  6 kobolds
  6 frilled lizards
  2 goblins (D:1)
  3 rats (D:1)
30 creatures vanquished.

Notes
Turn   | Place    | Note
-------+----------+-------------------------------------------
     0 | D:1      | n0claF the Centaur Hunter began the quest for the Orb.
     0 | D:1      | Reached XP level 1. HP: 17/17 MP: 1/1
   219 | D:1      | Reached XP level 2. HP: 22/24 MP: 2/2
   755 | D:2      | Reached XP level 3. HP: 23/30 MP: 3/3
   759 | D:1      | Reached skill level 1 in Unarmed Combat
  1006 | D:2      | Reached skill level 6 in Bows
  1061 | D:2      | Slain by an adder

Skill      XL: |  1  2  3 |
---------------+----------+-----
Unarmed Combat | 1 |  1.2
Bows           | 6 |  6.0
Fighting       | |  2.5
Dodging        | |  1.8
Stealth        | |  0.4

Action                   || total
-------------------------++-------
Melee: Short sword       ||    41
       Kick              ||     7
 Fire: Shortbow          ||    48
  Use: Potion            ||     2
Armor: Leather armour    ||    23
Dodge: Dodged            ||    40
